 Dungeon Crawl Stone Soup version 0.28.0-53-g5a82cb258f (webtiles) character file.

Game seed: 16367212308847145769

10612 Zeld the Geomancer (level 11, -8/54 HPs)
             Began as a Gargoyle Earth Elementalist on May 26, 2022.
             Was an Elder of Vehumet.
             Killed by refrigeration
             ... invoked by Fannar
              (22 damage)
             ... on level 1 of the Lair of Beasts.
             The game lasted 00:17:17 (15230 turns).

Zeld the Geomancer (Gargoyle Earth Elementalist)   Turns: 15230, Time: 00:17:18

Health: -8/54      AC: 15    Str: 11    XL:     11   Next: 64%
Magic:  2/24       EV: 11    Int: 23    God:    Vehumet [****..]
Gold:   407        SH:  0    Dex: 10    Spells: 18/28 levels left

rFire   . . .      SeeInvis +   a - +11 flail "Baut" {elec, rCorr}
rCold   . . .      Faith    .   (no shield)
rNeg    + . .      Spirit   .   y - +0 leather armour of the Hills {Regen+ Int+2 Stlth+}
rPois   ∞          Reflect  .   B - +1 helmet
rElec   +          Harm     .   E - +0 cloak
rCorr   +          Rampage  .   (no gloves)
Will    .....                   g - +0 pair of boots
Stlth   +++.......              w - amulet of regeneration
HPRegen 1.78/turn               j - ring of see invisible
MPRegen 0.19/turn               (no ring)

@: about to teleport
A: sickness immunity, AC +8, negative energy resistance 1, electricity
resistance, torment resistance 1, petrification resistance
a: Renounce Religion


You were on level 1 of the Lair of Beasts.
You worshipped Vehumet.
Vehumet was greatly pleased with you.
You visited 3 branches of the dungeon, and saw 14 of its levels.
You also visited: Ossuary.

You collected 797 gold pieces.
You spent 390 gold pieces at shops.

Inventory:

Hand Weapons
 a - the +11 flail "Baut" (weapon) {elec, rCorr}
   (You found it on level 11 of the Dungeon)

   It occasionally discharges a powerful burst of electricity upon striking a
   foe.
   rCorr:     It protects you from acid and corrosion.
 D - a +7 dire flail of freezing
Missiles
 q - 175 stones
Armour
 g - a +0 pair of boots (worn)
 k - an orb of energy
 y - the +0 leather armour of the Hills (worn) {Regen+ Int+2 Stlth+}
   (You took it off a wight on level 8 of the Dungeon)

   Int:       It affects your intelligence (+2).
   Regen:     It increases your rate of health regeneration.
   Stlth:     It makes you more stealthy.
 B - a +1 helmet (worn)
 E - a +0 cloak (worn)
Jewellery
 j - a ring of see invisible (left hand)
 w - an amulet of regeneration (around neck)
Wands
 b - a wand of flame (12)
 c - a wand of polymorph (6)
 u - a wand of paralysis (5)
Scrolls
 d - 4 scrolls of fear
 i - a scroll of amnesia
 l - a scroll of summoning
 m - a scroll of blinking
 r - 2 scrolls of silence
 x - 2 scrolls of magic mapping
 C - 2 scrolls of teleportation
Potions
 e - 5 potions of ambrosia
 f - 2 potions of haste
 h - 7 potions of curing
 n - a potion of invisibility
 o - 7 potions of heal wounds {unknown}
 s - 4 potions of might {unknown}
 t - 2 potions of flight
 v - a potion of magic {unknown}
 z - 2 potions of lignification {unknown}
 A - a potion of brilliance {unknown}
 F - a potion of cancellation {unknown}
Miscellaneous
 p - a piece from Xom's chessboard (15/15)


   Skills:
 * Level 9.0 Maces & Flails
 - Level 1.5 Dodging
 - Level 2.1 Stealth
 * Level 9.4 Spellcasting
 + Level 7.1 Conjurations
 - Level 2.0 Transmutations
 * Level 12.4 Earth Magic
 + Level 0.5 Evocations


You had 18 spell levels left.
You knew the following spells:

 Your Spells              Type           Power      Damage    Failure   Level
a - Sandblast             Erth           100%       2d20      1%          1
b - Passwall              Tmut/Erth      35%        N/A       1%          2
c - Stone Arrow           Conj/Erth      100%       3d13      1%          3
d - Petrify               Tmut/Erth      43%        N/A       4%          4

Your spell library contained the following spells:

 Spells                   Type           Power      Damage    Failure   Level
 Iskenderun's Mystic Bla  Conj/Tloc      27%        2d7       5%          4
 Animate Skeleton         Necr           20%        N/A       8%          1
 Apportation              Tloc           20%        N/A       8%          1
 Summon Small Mammal      Summ           40%        N/A       8%          1
 Tukima's Dance           Hex            10%        N/A       24%         3
 Anguish                  Hex/Necr       5%         N/A       61%         4
 Cause Fear               Hex            5%         N/A       61%         4
 Dragon Form              Tmut           10%        N/A       100%        7
 Enfeeble                 Hex            5%         N/A       100%        7
 Dragon's Call            Summ           5%         N/A       100%        9


Dungeon Overview and Level Annotations

Branches:
Dungeon (12/15)            Temple (1/1) D:5            Lair (1/6) D:11
    Orc (0/2) D:10        Ossuary (visited)

Altars:
Ashenzari
Cheibriados
Dithmenos
Elyvilon
Fedhas
Gozag
Hepliaklqana
Kikubaaqudgha
Makhleb
Nemelex Xobeh
Okawaru
Qazlal
Ru
Sif Muna
Trog
Uskayaw
Vehumet
Wu Jian
Xom
Yredelemnul
Zin
The Shining One

Shops:
D:4 ?   D:10 *

Portals:
Abyss: D:10

Annotations:
D:10 2 transporters, bobregger's ghost, journeyman DrBe
Lair:1 Fannar


Innate Abilities, Weirdness & Mutations

You are immune to sickness and miasma.
Your stone body is resilient. (AC +8)
You are immune to poison.
You resist negative energy. (rN+)
You are resistant to electric shocks. (rElec)
You are resistant to unholy torment.
You are immune to petrification.


Message History

The stone arrow hits Fannar.
Fannar is heavily wounded.
Unknown command.
Casting: Stone Arrow (safe; 1% risk of failure)
Confirm with . or Enter, or press ? or * to list all spells.
Aiming: Stone Arrow (safe; 1% risk of failure)
Press: ? - help, Shift-Dir - straight line, f/p - Fannar
Aim: Fannar, wielding a staff of cold and wearing a +2 robe of cold resistance (heavily wounded, petrified, 100% to hit)
The stone arrow hits Fannar!!
Fannar is severely wounded.
Unknown command.
Casting: Stone Arrow (safe; 1% risk of failure)
Confirm with . or Enter, or press ? or * to list all spells.
You don't have enough magic to cast this spell.
Unknown command.
Unknown command.
Fannar is no longer petrified.
Fannar hits you with a staff of cold. Fannar freezes you!
You miss Fannar.
Fannar is severely wounded.
Fannar hits you but does no damage. Fannar freezes you!
You completely miss Fannar.
Fannar is severely wounded.
You miss Fannar.
Fannar is severely wounded.
Fannar hits you but does no damage. Fannar freezes you!
Fannar gestures wildly while chanting.
Fannar drains the heat from the surrounding environment!
* * * LOW HITPOINT WARNING * * *
As you read the scroll of teleportation, it crumbles to dust.
You feel strangely unstable. Fannar hits you with a staff of cold.
* * * LOW HITPOINT WARNING * * *
Fannar freezes you.
* * * LOW HITPOINT WARNING * * *
Unknown command.
Okay, then.
You feel better.
Fannar casts a spell.
Fannar drains the heat from the surrounding environment!
You die...

.......≈≈≈.......#######
.......≈................
.......≈................
........................
........................
........................
........................
......##.####...e#.#.+##
....#........#..@.......
.................#......
....#........#..........
....'........#...#......
....#........#...#......
.....P.#######....#+####
....?.................
.......................
.......................


You could see Fannar.

Vanquished Creatures
  A hydra (D:11)
  A boulder beetle (D:11)
  A two-headed ogre (D:8)
  A manticore (D:11)
  A komodo dragon (Lair:1)
  A troll (D:10)
  A meliai zombie (D:10)
  A wraith (Ossuary)
  7 yaks (D:10)
  3 vampire mosquitoes (D:11)
  5 acid dragons
  2 wargs (D:11)
  4 water moccasins
  A swamp drake (D:10)
  An ice beast (D:7)
  6 orc warriors
  2 sky beasts
  A necrophage (D:6)
  A centaur (D:7)
  2 ogres
  3 kobold brigands
  2 bullfrogs
  2 gnoll sergeants
  A scorpion (D:4)
  2 wyvern skeletons (D:7)
  A water moccasin zombie (D:6)
  3 killer bees
  5 wights (D:8)
  2 howler monkeys (D:8)
  6 centaur zombies
  7 centaur skeletons
  A gnoll shaman (D:6)
  A human zombie (Ossuary)
  12 orc priests
  2 hounds
  3 bullfrog skeletons
  5 iguanas
  12 orc wizards
  A scorpion zombie (D:5)
  A killer bee zombie (D:5)
  4 mummies
  A hound skeleton (D:4)
  10 gnolls
  2 howler monkey skeletons
  9 adders
  3 shadow imps
  2 white imps
  An ufetubus (D:7)
  2 adder skeletons
  A worm (D:2)
  31 orcs
  7 ball pythons
  9 bats
  5 endoplasms
  2 giant cockroaches
  3 goblins
  8 hobgoblins
  10 jackals
  4 quokkas
  A frilled lizard (D:1)
  3 goblin zombies (Ossuary)
  3 hobgoblin zombies (Ossuary)
  16 kobolds
  5 kobold zombies (Ossuary)
  A quokka skeleton (D:4)
  4 rats
262 creatures vanquished.

Vanquished Creatures (others)
  4 plants (D:3)
4 creatures vanquished.

Grand Total: 266 creatures vanquished

Notes
Turn   | Place    | Note
-------+----------+-------------------------------------------
     0 | D:1      | Zeld the Gargoyle Earth Elementalist began the quest for
                  | the Orb.
     0 | D:1      | Reached XP level 1. HP: 10/10 MP: 3/3
   268 | D:1      | Reached skill level 1 in Transmutations
   268 | D:1      | Reached XP level 2. HP: 15/15 MP: 3/5
   353 | D:1      | Learned a level 2 spell: Passwall
   532 | D:1      | Reached skill level 4 in Earth Magic
   994 | D:2      | Reached XP level 3. HP: 16/19 MP: 2/6
   998 | D:2      | Learned a level 3 spell: Stone Arrow
  1060 | D:2      | You fall into a shaft and drop 1 floor!
  1586 | D:3      | Found a shimmering altar of Xom.
  1592 | D:3      | Reached XP level 4. HP: 24/24 MP: 6/8
  1637 | D:3      | Found a sparkling altar of Nemelex Xobeh.
  2089 | D:3      | Reached skill level 5 in Earth Magic
  2236 | D:3      | Reached XP level 5. HP: 28/28 MP: 4/9
  2298 | D:3      | Learned a level 4 spell: Petrify
  2506 | D:3      | Found a faded altar of an unknown god.
  2623 | D:4      | Found Uschoreg's Magic Scroll Shoppe.
  2631 | D:4      | Bought a scroll of identify for 24 gold pieces
  2631 | D:4      | Bought a scroll of identify for 24 gold pieces
  2631 | D:4      | Bought a scroll of identify for 24 gold pieces
  2769 | D:4      | Bought a scroll of identify for 24 gold pieces
  3610 | D:5      | Entered Level 5 of the Dungeon
  3627 | D:5      | Reached XP level 6. HP: 31/32 MP: 6/11
  3785 | D:5      | Reached skill level 1 in Conjurations
  3785 | D:5      | Reached skill level 6 in Earth Magic
  4294 | D:5      | Found a staircase to the Ecumenical Temple.
  4308 | Temple   | Entered the Ecumenical Temple
  4516 | Temple   | Became a worshipper of Vehumet
  4653 | D:5      | Found a hide-covered altar of Uskayaw.
  4694 | D:5      | Found an ornate altar of the Wu Jian Council.
  4919 | D:5      | Reached skill level 1 in Maces & Flails
  4919 | D:5      | Reached XP level 7. HP: 36/36 MP: 10/13
  5262 | D:4      | Bought a scroll of silence for 90 gold pieces
  5596 | D:6      | Found a glowing silver altar of Zin.
  5763 | D:6      | Reached skill level 7 in Earth Magic
  5772 | D:6      | Reached skill level 5 in Spellcasting
  5964 | D:6      | Reached XP level 8. HP: 38/41 MP: 2/15
  6251 | D:6      | Found a broken altar of Ashenzari.
  7187 | D:7      | Reached skill level 8 in Earth Magic
  7197 | D:6      | Reached * piety under Vehumet
  7197 | D:6      | Offered knowledge of Foxfire by Vehumet.
  7772 | D:7      | Found a shimmering blue altar of Sif Muna.
  7784 | D:7      | Found a hazy altar of Hepliaklqana.
  7808 | D:7      | Reached XP level 9. HP: 45/45 MP: 4/18
  8237 | D:7      | Reached skill level 5 in Maces & Flails
  8775 | D:8      | Found a sand-covered staircase.
  8791 | Ossuary  | Entered an ossuary
  8870 | Ossuary  | Reached skill level 9 in Earth Magic
  8885 | Ossuary  | Offered knowledge of Poisonous Vapours by Vehumet.
  8887 | Ossuary  | Reached ** piety under Vehumet
  9371 | D:8      | Noticed a two-headed ogre
  9377 | D:8      | Killed a two-headed ogre
  9998 | D:8      | Reached skill level 5 in Conjurations
 10105 | D:8      | Reached skill level 10 in Earth Magic
 10105 | D:8      | Reached XP level 10. HP: 41/50 MP: 10/21
 10129 | D:8      | Identified the +0 leather armour of the Hills {Regen+ Int+2
                  | Stlth+}
 10531 | D:8      | Found a hazy altar of Hepliaklqana.
 11510 | D:10     | Entered Level 10 of the Dungeon
 11526 | D:10     | Found Enokeit's General Store.
 11529 | D:10     | Bought a potion of flight for 36 gold pieces
 11529 | D:10     | Bought a potion of curing for 36 gold pieces
 11529 | D:10     | Bought a potion of ambrosia for 96 gold pieces
 11529 | D:10     | Bought a scroll of teleportation for 36 gold pieces
 11583 | D:10     | Found a transporter.
 11631 | D:10     | Noticed an unseen horror
 11706 | D:10     | Found a one-way gate to the infinite horrors of the Abyss.
 11706 | D:10     | Noticed bobregger's ghost (journeyman DrBe)
 11710 | D:10     | Found a transporter.
 11780 | D:10     | Offered knowledge of Searing Ray by Vehumet.
 11957 | D:10     | Reached *** piety under Vehumet
 11974 | D:10     | Reached skill level 11 in Earth Magic
 12285 | D:10     | Found a staircase to the Orcish Mines.
 12653 | D:10     | Noticed a wretched star
 12662 | D:10     | Noticed a water nymph
 12718 | D:10     | Offered knowledge of Iskenderun's Mystic Blast by Vehumet.
 12795 | D:10     | Noticed a toenail golem
 12925 | D:11     | Reached XP level 11. HP: 54/54 MP: 17/23
 12935 | D:11     | Identified the +11 flail "Baut" {elec, rCorr}
 13336 | D:11     | Noticed a boulder beetle
 13349 | D:11     | Killed a boulder beetle
 13529 | D:11     | Found a staircase to the Lair.
 13802 | D:11     | Reached skill level 12 in Earth Magic
 13939 | D:11     | Noticed a six-headed hydra
 13951 | D:11     | Killed a six-headed hydra
 14156 | D:11     | Reached **** piety under Vehumet
 14483 | D:11     | Noticed a manticore
 14489 | D:11     | Killed a manticore
 14770 | D:12     | Noticed a two-headed ogre
 14797 | Lair:1   | Entered Level 1 of the Lair of Beasts
 15211 | Lair:1   | Noticed Fannar
 15230 | Lair:1   | Killed from afar by Fannar

Illustrated notes

Levels and vault maps discovered:
D:1:      dpeg_arrival_rhombus, layout_loops_cross
D:2:      layout_rooms
D:3:      layout_loops_ring, xom_butterflies, mainiacjoe_overflow_alcove_4,
          hellmonk_ecumenical_altar_arch_garden
D:4:      layout_basic, serial_shops, nicolae_stop_n_shop_1
D:5:      layout_loops_cross, mainiacjoe_overflow_catwalk,
          kennysheep_little_box, minmay_temple_entry_tees,
          kennysheep_generic_room_2
D:6:      layout_basic, mainiacjoe_overflow_paths, amcnicky_altar_gilded
D:7:      layout_cave_pools, mainiacjoe_overflow_brackets, minmay_ruined_shrine
D:8:      layout_basic, mainiacjoe_overflow_cross_hatched,
          gup_ossuary_entry_pyramid
D:9:      layout_long_grid
D:10:     layout_small_grid, erik_orc_1, gammafunk_ghost_abyssal_escape,
          serial_shops, kennysheep_mini_moat
D:11:     layout_stronghold, erik_lair_orcish_takeover
D:12:     layout_gridville
Temple:   dpeg_chambers_temple
Lair:1:   layout_regular_city, lemuel_old_faithful, uniq_fannar

Skill      XL: |  1  2  3  4  5  6  7  8  9 10 11 |
---------------+----------------------------------+-----
Transmutations | 1 2 |  2.0
Earth Magic    | 4 5 6 7 8 10 11 12 | 12.4
Spellcasting   | 3 4 5 6 7 8 9 |  9.4
Conjurations   | 1 2 3 5 6 7 |  7.1
Maces & Flails | 1 2 4 6 8 9 |  9.0
Dodging        | |  1.5
Stealth        | |  2.1
Evocations     | |  0.5

Action                   |  1- 3 |  4- 6 |  7- 9 | 10-12 || total
-------------------------+-------+-------+-------+-------++-------
Melee: Unarmed           |    14 |    25 |       |       ||    39
       Punch             |     1 |       |       |       ||     1
       Whip              |       |    25 |       |       ||    25
       Morningstar       |       |     3 |    40 |       ||    43
       Dire flail        |       |       |       |    52 ||    52
       Flail             |       |       |       |    19 ||    19
 Cast: Sandblast         |    42 |    73 |    35 |     3 ||   153
       Stone Arrow       |     1 |     7 |   124 |   153 ||   285
       Petrify           |       |       |       |     6 ||     6
  Use: Scroll            |       |     7 |     5 |    11 ||    23
       Potion            |       |       |       |     1 ||     1
 Stab: Sleeping          |       |       |       |     1 ||     1
       Petrified         |       |       |       |     5 ||     5
Armor: Robe              |    11 |    33 |    60 |       ||   104
       Leather armour    |       |       |       |    56 ||    56
Dodge: Dodged            |    19 |    60 |    97 |    61 ||   237
